 Dungeon Crawl Stone Soup version 0.23.2-40-g277498a001 (webtiles) character file.

Game seed: 7256615611347893628

112 Emblim88 the Grasshopper (level 4, -3/38 HPs)
             Began as a Gnoll Warper on Aug 24, 2019.
             Slain by an orc
             ... wielding a +0 flail
              (8 damage)
             ... on level 3 of the Dungeon.
             The game lasted 00:05:07 (2849 turns).

Emblim88 the Grasshopper (Gnoll Warper)             Turns: 2849, Time: 00:05:07

Health: -3/38      AC:  3    Str: 14    XL:     4   Next: 93%
Magic:  10/11      EV: 14    Int: 15    God:
Gold:   88         SH:  0    Dex: 15    Spells: 9/13 levels left

rFire    . . .     SeeInvis .   a - +0 falchion
rCold    . . .     Gourm    .   (no shield)
rNeg     + . .     Faith    .   b - +0 leather armour
rPois    .         Spirit   .   (no helmet)
rElec    .         Reflect  .   (no cloak)
rCorr    .         Harm     .   (no gloves)
MR       .....                  (no boots)
Stlth    +++.......             (no amulet)
HPRegen  0.12/turn              h - ring of stealth
MPRegen  0.12/turn              m - ring of positive energy

@: no status effects
A: distributed training, fangs 1, strong nose
a: no special abilities


You were on level 3 of the Dungeon.
You were hungry.

You visited 1 branch of the dungeon, and saw 3 of its levels.

You collected 88 gold pieces.

Inventory:

Hand Weapons
 a - a +0 falchion (weapon)
 c - a +2 short sword of speed
 i - a +1 dagger of speed
Missiles
 e - 5 tomahawks of dispersal (quivered)
 l - a throwing net
 w - 27 poisoned needles
Armour
 b - a +0 leather armour (worn)
Magical Staves
 u - an uncursed staff of poison
Jewellery
 h - a ring of stealth (left hand)
 j - an uncursed ring of positive energy
 m - a ring of positive energy (right hand)
 q - an uncursed ring of protection from cold
Wands
 o - a wand of enslavement (3)
Scrolls
 d - a scroll of blinking
 g - a scroll of identify {unknown}
 k - 4 scrolls of teleportation {unknown}
 p - 2 scrolls of magic mapping {unknown}
 v - a scroll of remove curse {unknown}
Potions
 n - 3 potions of curing {unknown}
 r - a potion of might {unknown}
 s - a potion of invisibility {unknown}
 t - a potion of lignification {unknown}
Comestibles
 f - 9 rations


   Skills:
 + Level 4.7 Fighting
 + Level 1.2 Short Blades
 + Level 4.7 Long Blades
 + Level 1.2 Axes
 + Level 1.2 Maces & Flails
 + Level 1.2 Polearms
 + Level 1.2 Staves
 + Level 1.2 Slings
 + Level 1.2 Bows
 + Level 1.2 Crossbows
 + Level 2.8 Throwing
 + Level 2.8 Armour
 + Level 4.7 Dodging
 + Level 1.2 Stealth
 + Level 1.2 Shields
 + Level 1.2 Unarmed Combat
 + Level 5.1 Spellcasting
 + Level 1.0 Conjurations
 + Level 1.0 Hexes
 + Level 1.0 Charms
 + Level 1.0 Summonings
 + Level 1.0 Necromancy
 + Level 5.5 Translocations
 + Level 1.0 Transmutations
 + Level 1.0 Fire Magic
 + Level 1.0 Ice Magic
 + Level 1.0 Air Magic
 + Level 1.0 Earth Magic
 + Level 1.0 Poison Magic
 + Level 1.4 Invocations
 + Level 1.2 Evocations


You had 9 spell levels left.
You knew the following spells:

 Your Spells              Type           Power        Failure   Level  Hunger
a - Shroud of Golubria    Chrm/Tloc      ##........   8%          2    ##.....
b - Blink                 Tloc           N/A          3%          2    ##.....

Your spell library contained the following spells:

 Spells                   Type           Power        Failure   Level  Hunger
 Gell's Gravitas          Tloc           ###.......   6%          3    ###....
 Lesser Beckoning         Tloc           ###.......   6%          3    ###....
 Teleport Other           Tloc           ###.....     6%          3    ###....
 Passage of Golubria      Tloc           N/A          21%         4    ####...


Dungeon Overview and Level Annotations

Branches:
Dungeon (3/15)

Altars:
Ashenzari
Sif Muna
Uskayaw
The Shining One


Innate Abilities, Weirdness & Mutations

Your experience applies equally to all skills.
You have very sharp teeth.
Your uncanny sense of smell can sniff out nearby items.


Message History

You hit the orc but do no damage. The orc misses you.
The orc barely misses you.
You riposte.
You hit the orc but do no damage. You bite the orc, but do no damage.
You hit the orc.
The orc is moderately wounded.
The orc barely misses you. x2; The orc completely misses you.
You riposte.
You are feeling hungry.
You completely miss the orc.
The orc is moderately wounded.
You barely miss the orc.
The orc is moderately wounded.
The orc barely misses you. The orc hits you with a +0 hand axe.
* * * LOW HITPOINT WARNING * * *
The orc completely misses you.
You closely miss the orc.
The orc is moderately wounded.
The orc completely misses you.
You riposte.
You hit the orc.
The orc is heavily wounded.
The orc misses you. The orc hits you with a +0 flail!
You die...

######....#.#.##....(#
#.# #
##.......########
###.# # #.....###
#...# #
###.############ #.###
# ...##..... ..# #.#
#.......# #.# #.#
##### ##.o†.###.###.#
.....# #o#.......#
..##.# #.#@#.#.#####
#.# #.oo.†..# .<..
######### #.##. #.## #
.... ..## ..# ..#


You could see 3 orcs.

Vanquished Creatures
  5 adders (D:2)
  3 worms
  3 dart slugs
  A leopard gecko (D:3)
  3 orcs (D:3)
  4 giant cockroaches
  3 goblins
  8 hobgoblins
  6 bats
  3 frilled lizards
  6 kobolds
  7 rats
52 creatures vanquished.

Notes
Turn   | Place    | Note
-------+----------+-------------------------------------------
     0 | D:1      | Emblim88 the Gnoll Warper began the quest for the Orb.
     0 | D:1      | Reached XP level 1. HP: 20/20 MP: 6/6
   282 | D:1      | Reached XP level 2. HP: 24/26 MP: 7/7
   797 | D:2      | Learned a level 2 spell: Shroud of Golubria
   800 | D:2      | Learned a level 2 spell: Blink
   862 | D:2      | Found a faded altar of an unknown god.
  1003 | D:2      | Reached XP level 3. HP: 29/31 MP: 9/9
  1101 | D:2      | Reached skill level 5 in Spellcasting
  1322 | D:2      | Reached skill level 1 in Invocations
  1599 | D:2      | Reached skill level 1 in Short Blades
  1599 | D:2      | Reached skill level 1 in Axes
  1599 | D:2      | Reached skill level 1 in Maces & Flails
  1599 | D:2      | Reached skill level 1 in Polearms
  1599 | D:2      | Reached skill level 1 in Staves
  1599 | D:2      | Reached skill level 1 in Slings
  1599 | D:2      | Reached skill level 1 in Bows
  1599 | D:2      | Reached skill level 1 in Crossbows
  1599 | D:2      | Reached skill level 1 in Stealth
  1599 | D:2      | Reached skill level 1 in Shields
  1599 | D:2      | Reached skill level 1 in Unarmed Combat
  1599 | D:2      | Reached skill level 1 in Evocations
  1838 | D:2      | Found a shattered altar of Ashenzari.
  1852 | D:2      | Reached XP level 4. HP: 31/38 MP: 11/11
  2183 | D:3      | Found a glowing golden altar of the Shining One.
  2202 | D:3      | Found a hide-covered altar of Uskayaw.
  2206 | D:3      | Found a deep blue altar of Sif Muna.
  2290 | D:3      | Reached skill level 1 in Conjurations
  2290 | D:3      | Reached skill level 1 in Hexes
  2290 | D:3      | Reached skill level 1 in Charms
  2290 | D:3      | Reached skill level 1 in Summonings
  2290 | D:3      | Reached skill level 1 in Necromancy
  2290 | D:3      | Reached skill level 1 in Transmutations
  2290 | D:3      | Reached skill level 1 in Fire Magic
  2290 | D:3      | Reached skill level 1 in Ice Magic
  2290 | D:3      | Reached skill level 1 in Air Magic
  2290 | D:3      | Reached skill level 1 in Earth Magic
  2290 | D:3      | Reached skill level 1 in Poison Magic
  2407 | D:2      | HP: 1/38 [poisoned by an adder]
  2849 | D:3      | Slain by an orc

Skill      XL: |  1  2  3  4 |
---------------+-------------+-----
Spellcasting   | 5 |  5.1
Invocations    | 1 |  1.4
Short Blades   | 1 |  1.2
Axes           | 1 |  1.2
Maces & Flails | 1 |  1.2
Polearms       | 1 |  1.2
Staves         | 1 |  1.2
Slings         | 1 |  1.2
Bows           | 1 |  1.2
Crossbows      | 1 |  1.2
Stealth        | 1 |  1.2
Shields        | 1 |  1.2
Unarmed Combat | 1 |  1.2
Evocations     | 1 |  1.2
Conjurations   | 1 |  1.0
Hexes          | 1 |  1.0
Charms         | 1 |  1.0
Summonings     | 1 |  1.0
Necromancy     | 1 |  1.0
Transmutations | 1 |  1.0
Fire Magic     | 1 |  1.0
Ice Magic      | 1 |  1.0
Air Magic      | 1 |  1.0
Earth Magic    | 1 |  1.0
Poison Magic   | 1 |  1.0
Fighting       | |  4.7
Long Blades    | |  4.7
Throwing       | |  2.8
Armour         | |  2.8
Dodging        | |  4.7
Translocations | |  5.5

Action                   |  1- 3 |  4- 6 || total
-------------------------+-------+-------++-------
Melee: Falchion          |   128 |    44 ||   172
       Bite              |    18 |    10 ||    28
       Staff             |       |    45 ||    45
       Punch             |       |     1 ||     1
 Cast: Shroud of Golubri |       |     1 ||     1
 Stab: Sleeping          |     2 |     4 ||     6
  Eat: Chunk             |     3 |     3 ||     6
Armor: Leather armour    |    30 |    14 ||    44
Dodge: Dodged            |   102 |    83 ||   185
       Rpst.: Falchion   |    30 |    13 ||    43
